Cogmind - Beta 17 @@@ ROGUE MODE // 2026.06.26 @ 17:25:38 Player: pinbox Result: Destroyed by as-02539 with Assembled Rifle Performance ------------- Evolutions (1) 500 Regions Visited (3) 600 Robots Destroyed (9) 45 Value Destroyed (251) 251 Prototype IDs (1) 20 Alien Tech Used (0) 0 Bonus (0) 0 TOTAL SCORE: 1416 Bonus ------- None Cogmind --------- Core Integrity 0/400 Matter 227/300 Energy 96/100 System Corruption 0% Temperature Cool (0) Movement Core (50) Location -9/Mines Parts ------- > --- POWER (1) -------- (None) > --- PROPULSION (2) --- (None) > --- UTILITY (4) ------ Visual Processing Unit Sensor Array > --- WEAPON (2) ------- Small Laser > --- INVENTORY (5) ---- Heavy Ion Engine Heavy Ion Engine Peak State ------------ > --- POWER ------------ Ion Engine > --- PROPULSION ------- Aluminum Leg Aluminum Leg > --- UTILITY ---------- Heat Sink Small Storage Unit Visual Processing Unit Sensor Array > --- WEAPON ----------- Beam Rifle Grenade Launcher > --- INVENTORY -------- Heavy Ion Engine Heavy Ion Engine Small Laser Small Laser Assault Rifle Rocket Launcher [Rating: 12] Favorites ----------- Power Ion Engine Engine Ion Engine Propulsion Aluminum Leg Leg Aluminum Leg Utility Small Storage Unit Device Sensor Array Storage Small Storage Unit Processor Visual Processing Unit Weapon Small Laser Energy Gun Small Laser Ballistic Gun Assault Rifle Launcher Grenade Launcher Build | -11 -10 -9 -9 ------- Run | Yrd Mat Mat Min Slots Evolved 2 | . . 2 . Power . | . . . . Propulsion . | . . . . Utility 2 | . . 2 . Weapon . | . . . . Parts Attached 14 | 6 1 4 3 Power 2 | 1 . 1 . Engine 2 | 1 . 1 . Core . | . . . . Reactor . | . . . . Propulsion 2 | 2 . . . Treads . | . . . . Leg 2 | 2 . . . Wheel . | . . . . Hover . | . . . . Flight . | . . . . Utility 4 | 1 1 2 . Device 2 | . 1 1 . Storage 1 | 1 . . . Processor 1 | . . 1 . Hackware . | . . . . Protection . | . . . . Artifact . | . . . . Weapon 6 | 2 . 1 3 Energy Gun 3 | 2 . . 1 Energy Cannon . | . . . . Ballistic Gun 1 | . . . 1 Ballistic Cannon . | . . . . Launcher 2 | . . 1 1 Special Weapon . | . . . . Impact Weapon . | . . . . Slashing Weapon . | . . . . Piercing Weapon . | . . . . Special Melee Weapon . | . . . . Unidentified Prototypes . | . . . . Parts Lost 11 | . . 1 10 Power 2 | . . 1 1 Propulsion 2 | . . . 2 Utility 2 | . . . 2 Weapon 5 | . . . 5 Highest Loss Streak 10 | . . 1 10 To Critical Strikes . | . . . . Average Backups 3 | . 2 3 4 Power . | . 1 . 2 Propulsion . | . . . . Utility . | . . . . Weapon 2 | . 1 2 2 Tool/Special . | . . . . Unused Backups 2 | . . . 2 Power 2 | . . . 2 Propulsion . | . . . . Utility . | . . . . Weapon . | . . . . Tool/Special . | . . . . Average Slot Usage (%) 95 | . 97 97 90 Engine 11 | . 14 11 8 Leg 22 | . 28 22 18 Device 17 | . 11 19 20 Storage 11 | . 14 11 11 Processor 8 | . . 11 11 Energy Gun 17 | . 28 15 10 Launcher 5 | . . 6 8 Peak Build Rating 12 | 6 7 11 12 Average Rating 8 | 4 6 9 10 On Entrance 6 | . 6 7 11 Avg Prop Armor Cover (%) . | . . . . Naked Turns . | . . . . Heaviest Build 18 | 10 11 16 18 Greatest Support 20 | 20 20 20 20 Greatest Overweight (x) 2 | . . . 2 Average Overweight (x) . | . . . . Largest Inventory Capacity 8 | 8 8 8 8 Average Capacity 7 | 6 8 8 8 Most Carried 6 | 2 4 5 6 Average Carried 3 | . 2 3 4 Final Capacity 8 | 8 8 8 5 Final Carried 5 | 2 4 5 2 Class Distribution -------------------- 74% | Mutant 25% | Scientist-Mutant Dominant Class ---------------- Mutant | -10/Materials Mutant | -9/Materials Scientist-Mutant | -9/Mines Resources | -11 -10 -9 -9 ----------- Run | Yrd Mat Mat Min Matter Collected 364 | 182 88 86 8 Remotely . | . . . . Salvage Created 330 | . 17 313 . Parts 21 | . 2 19 . Haulers Intercepted 1 | . . 1 . Recyclers Shooed 1 | . . 1 . Parts Field Recycled . | . . . . Retrieved Matter . | . . . . Parts Self-Destructed . | . . . . Prevented . | . . . . Parts Restored . | . . . . Kills | -11 -10 -9 -9 ------- Run | Yrd Mat Mat Min Combat Hostiles Destroyed 6 | . . 6 . Guns 1 | . . 1 . AOE 5 | . . 5 . Classes Destroyed 6 | . 1 5 . Hauler 1 | . . 1 . Recycler 1 | . . 1 . Watcher 1 | . 1 . . Grunt 4 | . . 4 . Brawler 1 | . . 1 . Sentry 1 | . . 1 . Best Kill Streak 3 | . 1 3 . Combat Bots Only 2 | . . 2 . Max Kills in Single Turn 2 | . 1 2 . Gunslinging . | . . . . Exploded 2 | . . 2 . Melee . | . . . . Uniques/NPCs Destroyed . | . . . . Combat | -11 -10 -9 -9 -------- Run | Yrd Mat Mat Min Hostile Shots Fired 56 | . . 24 32 Missed 13 | . . 7 6 Hits 43 | . . 17 26 Melee 4 | . . . 4 Projectile 39 | . . 17 22 AOE 20 | . . . 20 Critical Strikes 1 | . . 1 . Damage Taken 1311 | . . 276 1035 Core 405 | . . 31 374 Absorbed by Shields . | . . . . Core Remaining (%) 100 | 100 100 . . Volleys Fired 25 | . 2 12 11 Largest 2 | . 2 2 2 Hottest 86 | . 80 80 86 Shots Fired 41 | . 4 24 13 Gun 29 | . 4 16 9 Cannon . | . . . . Launcher 12 | . . 8 4 Special . | . . . . Kinetic 3 | . . . 3 Thermal 26 | . 4 16 6 Explosive 12 | . . 8 4 Electromagnetic . | . . . . Robot Hit Streak 18 | . 4 11 18 Robot Miss Streak 2 | . . 2 1 Penetration Max . | . . . . Secondary Targets . | . . . . Shots Hit Robots 34 | . 4 19 11 Core Hits 24 | . 2 17 5 Critical Kills . | . . . . Critical Parts Destroyed . | . . . . Critical Strikes . | . . . . Melee Attacks . | . . . . Impact . | . . . . Slashing . | . . . . Piercing . | . . . . Sneak Attacks . | . . . . Combat Hostiles . | . . . . Follow-up Attacks . | . . . . Damage Inflicted 807 | . 42 604 161 Guns 267 | . 42 142 83 Cannons . | . . . . Explosions 540 | . . 462 78 Melee . | . . . . Ramming . | . . . . Kinetic 35 | . . . 35 Thermal 232 | . 42 142 48 Explosive 540 | . . 462 78 Electromagnetic . | . . . . Impact . | . . . . Slashing . | . . . . Piercing . | . . . . Highest Corruption . | . . . . Average Corruption . | . . . . Corruption Purged . | . . . . Corruption Blocked . | . . . . Overload Shots . | . . . . Overflow Damage 1 | . . 1 . Projectiles . | . . . . Explosions 1 | . . 1 . Melee . | . . . . Knockbacks . | . . . . Impact . | . . . . Kinetic . | . . . . Secondary . | . . . . Self-Inflicted Damage 80 | . . 54 26 Shots 3 | . . 2 1 Rammed . | . . . . Targets Rammed . | . . . . Kicked . | . . . . Crushed . | . . . . Highest Temperature 55 | . 36 55 . Average Temperature 26 | . 20 30 . Received Heat Transfer 105 | . . 105 . Siege Activations . | . . . . Martial Activations . | . . . . Shielding Activations . | . . . . Robots Disrupted . | . . . . Combat Hostiles . | . . . . Robots Corrupted . | . . . . Combat Hostiles . | . . . . Parts Fried . | . . . . Impact Corruptions . | . . . . Robots Melted . | . . . . Combat Hostiles . | . . . . Parts Melted 1 | . . 1 . Heat Transferred 537 | . 100 325 112 Parts Sabotaged . | . . . . Parts Stolen . | . . . . Parts Stripped . | . . . . Power Chain Reactions . | . . . . Alert | -11 -10 -9 -9 ------- Run | Yrd Mat Mat Min Maximum Alert Level . | . . . . Low Security (%) 100 | 100 100 100 100 Level 1 . | . . . . Level 2 . | . . . . Level 3 . | . . . . Level 4 . | . . . . Level 5 . | . . . . High Security . | . . . . Max Security . | . . . . Peak Influence 152 | . 14 152 44 Initial 44 | . . . 44 Average 39 | . 2 69 16 Influence Increases 299 | . 21 264 14 Destroy 0b10 Robot/C 120 | . . 120 . Destroy 0b10 Robot/NC 15 | . 5 10 . Destroy Leader 34 | . 2 32 . Successful Hack 24 | . 14 10 . Disable Machine 15 | . . 15 . Destroy Structure 61 | . . 47 14 Lose Combat Pursuer 30 | . . 30 . Influence Decreases 299 | . 21 150 128 Entered New Map 70 | . . . 70 Time Decay 215 | . 21 150 44 Lost Part 14 | . . . 14 Squads Dispatched 1 | . . 1 . Investigation . | . . . . Extermination . | . . . . Reinforcement 1 | . . 1 . Assault . | . . . . Garrison . | . . . . Intercept . | . . . . Searches Triggered . | . . . . Construction Impeded . | . . . . Haulers Reinforced . | . . . . Active Scanning Responses . | . . . . Cargo Convoy Interrupts . | . . . . Stealth | -11 -10 -9 -9 --------- Run | Yrd Mat Mat Min Distress Signals 1 | . . 1 . Communications Jammed . | . . . . Distress Signals . | . . . . Times Spotted 27 | . 2 11 14 Peak Tracking Total 8 | . 2 4 8 Tactical Retreats 3 | . . 2 1 Traps | -11 -10 -9 -9 ------- Run | Yrd Mat Mat Min Traps Triggered . | . . . . Indirectly . | . . . . Trap Hack Attempts . | . . . . Triggered . | . . . . Disarmed . | . . . . Reprogrammed . | . . . . Reused . | . . . . Traps Extracted . | . . . . Installed . | . . . . Triggered . | . . . . Machines | -11 -10 -9 -9 ---------- Run | Yrd Mat Mat Min Machines Disabled 1 | . . 1 . Max in Single Turn 1 | . . 1 . Machines Repaired . | . . . . Machines Dismantled . | . . . . Machines Sabotaged . | . . . . Overloaded Fab Kills . | . . . . Hacking | -11 -10 -9 -9 --------- Run | Yrd Mat Mat Min Machines Accessed 6 | . 3 3 . Terminals 4 | . 2 2 . Fabricators . | . . . . Repair Stations . | . . . . Recycling Units 1 | . 1 . . Scanalyzers 1 | . . 1 . Garrison Access . | . . . . Total Hacks 29 | . 12 17 . Successful 19 | . 5 14 . Failed 10 | . 7 3 . Catastrophic . | . . . . Database Lockouts . | . . . . Manual . | . . . . Terminals 17 | . 10 7 . Fabricators . | . . . . Repair Stations . | . . . . Recycling Units 2 | . 2 . . Scanalyzers 10 | . . 10 . Garrison Access . | . . . . Terminal Hacks 7 | . 3 4 . Robot Analysis 2 | . . 2 . Emergency Access Points 1 | . . 1 . Terminal Index 1 | . 1 . . Locate Traps 1 | . 1 . . Zone Layout 2 | . 1 1 . Fabricator Hacks . | . . . . Repair Station Hacks . | . . . . Recycling Unit Hacks 2 | . 2 . . Process 1 | . 1 . . Report Inventory 1 | . 1 . . Scanalyzer 10 | . . 10 . Insert Component 2 | . . 2 . Analyze 2 | . . 2 . Retrieve Study 6 | . . 6 . Garrison Access Hacks . | . . . . Unauthorized Hacks . | . . . . Terminals . | . . . . Fabricators . | . . . . Repair Stations . | . . . . Recycling Units . | . . . . Scanalyzers . | . . . . Garrison Access . | . . . . Data Cores Recovered . | . . . . Used . | . . . . Hacking Detections 6 | . 3 3 . Full Trace Events 1 | . . 1 . Feedback Events . | . . . . Feedback Blocked . | . . . . Robot Schematics Acquired . | . . . . Robots Built . | . . . . Authchips . | . . . . Time . | . . . . Total Robot Build Rating . | . . . . Part Schematics Acquired 2 | . . 2 . Parts Built . | . . . . Authchips . | . . . . Time . | . . . . Total Part Build Rating . | . . . . Part Studies Acquired 6 | . . 6 . Parts Repaired . | . . . . Time . | . . . . Parts Recycled . | . . . . Recycled Matter 1 | . 1 . . Retrieved Matter . | . . . . Retrieved Components . | . . . . Parts Scanalyzed 2 | . . 2 . Part Schematics Acquired 2 | . . 2 . Parts Damaged . | . . . . Bothacking | -11 -10 -9 -9 ------------ Run | Yrd Mat Mat Min Used RIF Installer . | . . . . Robots Hacked . | . . . . Non-combat . | . . . . Combat . | . . . . Robot Hacks Applied . | . . . . Relay Couplers Released . | . . . . Fabnet Peak Effective % . | . . . . Robots Rewired . | . . . . Allies Hacked . | . . . . Hacks Repelled . | . . . . Allies | -11 -10 -9 -9 -------- Run | Yrd Mat Mat Min Total Allies . | . . . . Largest Group . | . . . . Highest-Rated Group . | . . . . Highest-Rated Ally . | . . . . Total Orders . | . . . . Ally Attacks . | . . . . Total Damage . | . . . . Kills . | . . . . Allies Corrupted . | . . . . Allies Melted . | . . . . Intel | -11 -10 -9 -9 ------- Run | Yrd Mat Mat Min Active Infowar (turns) 654 | . 134 373 147 Optics 520 | . . 373 147 Sensors 654 | . 134 373 147 Robot Analysis Total 2 | . . 2 . Derelict Logs Recovered . | . . . . Drone Launches . | . . . . Drone Recoveries . | . . . . Exploration | -11 -10 -9 -9 ------------- Run | Yrd Mat Mat Min Turns Passed 737 | 62 155 373 147 Spaces Moved 551 | 45 122 282 102 Core 12 | 3 . . 9 Treads . | . . . . Legs 539 | 42 122 282 93 Wheels . | . . . . Hover . | . . . . Flight . | . . . . Fastest Speed 50 | 50 120 105 105 Average Speed 116 | 115 120 117 108 Slowest Speed 150 | 120 120 120 150 Overloaded Moves . | . . . . Propulsion Burnouts . | . . . . Robots Hopped . | . . . . Potential Cave-ins . | . . . . Cave-ins Triggered . | . . . . Exploration Rate (%) 23 | 3 43 26 21 Regions Visited 3 Branch Regions 1 Pre-discovered Areas . | . . . . Known Exits Taken . | . . . . Unknown Exits Taken 3 | 1 1 1 . Scrap Searched . | . . . . Spaces Dug . | . . . . Terrain Destroyed 68 | . . 47 21 Melee . | . . . . Projectile . | . . . . AOE 68 | . . 47 21 Terrain Rammed . | . . . . Walls Destroyed . | . . . . Machines Disabled . | . . . . Actions | -11 -10 -9 -9 --------- Run | Yrd Mat Mat Min Total 603 | 52 126 300 125 Wait 6 | . . . 6 Move 548 | 44 121 281 102 Hop . | . . . . Pick Up 8 | 2 2 3 1 Fast Attach 8 | 6 1 1 . Attach 6 | . . 2 4 Detach . | . . . . Swap 2 | . . 1 1 Drop . | . . . . Fire 25 | . 2 12 11 Melee . | . . . . Ram . | . . . . Kick . | . . . . Crush . | . . . . Escape Stasis . | . . . . Rewire . | . . . . Trap . | . . . . Miscellaneous . | . . . . Route ------- -11/Scrapyard -10/Materials -9/Materials -9/Mines History --------- Turn | Location | Event 10 | -11/Scrapyard | Discovered new exit (range 16) 63 | -11/Scrapyard | Entered Materials 205 | -10/Materials | Discovered new exit (range 5) 218 | -10/Materials | Entered another Materials area 218 | -9/Materials | Evolved 2 slots: Utility x2 315 | -9/Materials | Build established: Mutant 558 | -9/Materials | Discovered new exit (range 6) 591 | -9/Materials | Entered Mines 629 | -9/Mines | Received a Rocket Launcher from a helpful Derelict 644 | -9/Mines | Assembled infested the area 718 | -9/Mines | Core integrity fell below 50% 733 | -9/Mines | Core integrity fell below 20% 738 | -9/Mines | Destroyed by as-02539 with Assembled Rifle Last Messages --------------- The unstable cave ceiling collapses. Heat Sink destroyed. The unstable cave ceiling collapses. Aluminum Leg+ destroyed. The unstable cave ceiling collapses. Sml. Laser+ destroyed. R-06 Scavenger destroyed. The unstable cave ceiling collapses. D-53 Grenadier destroyed. The unstable cave ceiling collapses. Assault Rifle+ destroyed. The unstable cave ceiling collapses. D-53 Grenadier destroyed. The unstable cave ceiling collapses. K-01 Serf collects debris. The unstable cave ceiling collapses. Acquired 8 matter. Knocked back. The unstable cave ceiling collapses. Sml. Storage Unit destroyed. Map ----- +----------------------------------------------------+ | ????????????????????????????????????????????? | | ????????????????????????????????????????????? | | ????????????????????????????????????????????? | | ????????????????????????????????????????????? | | ????????????????????????????????????????????? | | ????????????????????????????????????????????? | | ????????????????????????????????????????????? | | ????????????????????????????????????????????? | | ????????????????????????????????????????????? | | ????????????????????????????????????????????? | | ????????????????????????????????????????????? | | ????????????????????????????????????????????? | | ????????????????????????????????????????????? | | ????????????????????????????????????????????? | | ????????????????????????????????????????????? | | ????????????????????????????????????????????? | | ????????????????????????????????????????????? | | ????????????????????????????????????????????? | | ????????????????????????????????????????????? | | ????????????????????????????????????????????? | | ????????????????????????????????????????????? | | ???????????????????###??????????????????????? | | ??????????????????? #????????????????? ????? | | ???????????????????# #???????????????? ????? | | ???????????????????# #???????????????? #???? | | ???????????????????#@#???????????????? #???? | | ???????????????????#a######??????????? #???? | | ??????????????????## # ##?????????? #???? | | ??????????????????# a ##????????? #???? | | ??????????????????# ##???????? ???? | | ??????????????????# a ##??????? ???? | | ??????????????????### a ##????## ????? | | ??????????????????# # # ##???# ????? | | ??????????????????# # #???# ????? | | ??????????????????## #???# #????? | | ???????????????????# #???# #????? | | ???????????????????### #??# #????? | | ?????????????????????# # #??# #????? | | ?????????#########???# ##??# #?#### | | ?????##### ## ##??### ##### #?# # | | ????## #????## # ## #?## | | ????# #?????## ## #?## | | ????# ##??????# ###### | | ????# ## ##???????#### ##?## # | | ????# ##### #???????????## ### # | | ????## ##???# #????????????# ## | | ?????## #????# ###?????????## #? | | ??????# ###### ##???????## ## #? | | ??????# ######??# #### ##? | | ??????# ## #### ##?#####?? | +----------------------------------------------------+ Best States ------------- Heat Dissipation 38 Energy Generation 12 Energy Capacity 250 Matter Stores 300 Matter Capacity 300 Sight Range 18 Robot Scan Range 14 Terrain Scan Density 10 Evasion (%) 55 Item Schematics ----------------- Hvy. Ion Engine | -9/Materials | Scanalyzed Assault Rifle | -9/Materials | Scanalyzed Robot Schematics ------------------ None Fabricated ------------ Nothing Repaired ---------- Nothing Studied --------- Aluminum Leg | -9/Materials | Hacked Grenade Launcher | -9/Materials | Hacked Assault Rifle | -9/Materials | Hacked Ion Engine | -9/Materials | Hacked Beam Rifle | -9/Materials | Hacked Sml. Laser | -9/Materials | Hacked Alien Tech Used ----------------- None Achievements -------------- None Challenges ------------ None Game ------ Seed ImprinterReactionMeganuke Manual? 0 Play Time 00:11:25 Cumulative 13.6 hours Start 2026.06.26 @ 15:18:44 End 2026.06.26 @ 17:25:38 Sessions 3 Manual Loads 0 Difficulty Rogue Special Mode None Game No. 12 Rogue 12 Adventurer 0 Explorer 0 Win Type - Total 0 Types 0/0/0/0/0/0/0/0/0/0 Lore% 4 Gallery% 18 Achievement% 14 Wizard Run 0 Options --------- Layout 1 ASCII 0 Keyboard 0 Movement Mouse Keybinds 1 Fullscreen 2 Font 24/Smallcaps Map View 50x40 Zoom Use 0% Tactical HUD 0 Map Filters NONE Filters NONE Steam 1 RUN: 0bf44e53-fb7e-4718-8129-aad9d3619330